[Event "Titled Tuesday Blitz June 20 Early 2023"]
[White "Kuznetsova, Olga"]
[Black "Alahakoon, Isuru"]
[WhiteFideId "4191323"]
[BlackFideId "9900993"]
[WhiteElo "2134"]
[BlackElo "1819"]
[Result "0-1"]
[Round "3"]
[TimeControl "180+2"]
[Date "2023.06.20"]
[WhiteClock "0:00:38"]
[BlackClock "0:00:37"]
[Board "151"]

1. d4 d5 2. c4 e6 3. Nc3 Nf6 4. Bg5 Be7 5. e3 O-O 6. Qc2 Nc6 7. a3 b6 8. cxd5 Nxd5 9. Nxd5 Qxd5 10. Bxe7 Nxe7 11. Qxc7 Nc6 12. Ne2 Na5 13. Nf4 Qb3 14. Qc3 Qxc3+ 15. bxc3 Bb7 16. Rb1 Rac8 17. Kd2 Rfd8 18. Bd3 e5 19. dxe5 g5 20. Ne2 Nc4+ 21. Kc2 Nxa3+ 22. Kb2 Nxb1 23. Bxb1 Rd2+ 0-1


[Site "https://www.chess.com"]

[Event "Titled Tuesday Blitz June 20 Early 2023"]
[White "Karamsetty, Jeevan"]
[Black "Cardozo Munar, Carlos Eduardo"]
[WhiteFideId "2025337"]
[BlackFideId "4409477"]
[WhiteElo "2131"]
[BlackElo "2067"]
[Result "1-0"]
[Round "3"]
[TimeControl "180+2"]
[Date "2023.06.20"]
[WhiteClock "0:00:42"]
[BlackClock "0:00:00"]
[Board "152"]

1. g3 g6 2. Bg2 Bg7 3. Nf3 Nf6 4. O-O O-O 5. d4 d5 6. b3 c6 7. Bb2 Nbd7 8. c4 Re8 9. Nbd2 e5 10. dxe5 Ng4 11. cxd5 cxd5 12. e4 dxe4 13. Nxe4 Ndxe5 14. Nxe5 Nxe5 15. Nd6 Re6 16. Nxb7 Bxb7 17. Bxb7 Rb8 18. Qxd8+ Rxd8 19. Rad1 Rxd1 20. Rxd1 Nf3+ 21. Bxf3 Bxb2 22. Rd8+ Kg7 23. Rd7 a5 24. Bd5 Rf6 25. f4 h5 26. Kg2 Bc3 27. Kf3 g5 28. Ke4 gxf4 29. gxf4 Kg6 30. Bc4 Bb4 31. Rd5 Bd6 32. f5+ Kg5 33. Rxa5 Bxh2 34. a4 h4 35. Rd5 Bd6 36. Bf1 Kg4 37. Rd3 Bg3 38. Be2+ Kg5 39. a5 Rxf5 40. a6 Ra5 41. Kf3 f5 42. Rd7 Bb8 43. Rb7 Bh2 44. a7 Kf6 45. Rb6+ Kg5 46. Ra6 Rxa6 47. Bxa6 1-0


[Site "https://www.chess.com"]

[Event "Titled Tuesday Blitz June 20 Early 2023"]
[White "Pavlidou, Ekaterini"]
[Black "Toropov, Pavel"]
[WhiteFideId "4213262"]
[BlackFideId "24129178"]
[WhiteElo "2126"]
[BlackElo "2182"]
[Result "1-0"]
[Round "3"]
[TimeControl "180+2"]
[Date "2023.06.20"]
[WhiteClock "0:02:20"]
[BlackClock "0:01:43"]
[Board "153"]

1. d4 d5 2. c4 c6 3. Nf3 Nf6 4. Nc3 dxc4 5. a4 Bf5 6. e3 e6 7. Bxc4 Bb4 8. O-O O-O 9. Qe2 Nbd7 10. e4 Bg6 11. e5 Nd5 12. Nxd5 cxd5 13. Bd3 Bh5 14. h3 Rc8 15. g4 Bg6 16. Ng5 Be7 17. f4 Bxd3 18. Qxd3 h6 19. Qh7# 1-0


[Site "https://www.chess.com"]

[Event "Titled Tuesday Blitz June 20 Early 2023"]
[White "Bethke, Richard"]
[Black "Bueno, Alfeu Junior Varela"]
[WhiteFideId "12959243"]
[BlackFideId "2108879"]
[WhiteElo "2369"]
[BlackElo "2175"]
[Result "1-0"]
[Round "3"]
[TimeControl "180+2"]
[Date "2023.06.20"]
[WhiteClock "0:00:44"]
[BlackClock "0:00:00"]
[Board "154"]

1. e4 e6 2. d4 d5 3. Nd2 Nf6 4. e5 Nfd7 5. Bd3 c5 6. c3 Nc6 7. Ne2 cxd4 8. cxd4 f6 9. exf6 Nxf6 10. O-O Bd6 11. Nf3 Qc7 12. Bg5 O-O 13. Rc1 h6 14. Bh4 Nh5 15. Re1 g5 16. Bg3 Nxg3 17. hxg3 Qg7 18. Bb1 Bc7 19. Qd3 Bb6 20. a3 Bd7 21. b4 a6 22. g4 Ne7 23. Ne5 Bb5 24. Qe3 Rf6 25. Ng3 Be8 26. Rc3 Rf4 27. Ne2 Rf6 28. Rec1 Nc6 29. Nxc6 Bxc6 30. Ng3 Rf4 31. Nh5 Qf7 32. Nxf4 gxf4 33. Qh3 Qf6 34. g5 hxg5 35. Qh7+ Kf8 36. Rxc6 bxc6 37. Qb7 Qxd4 38. Qxa8+ Ke7 39. Qb7+ Kf6 40. Rf1 f3 41. gxf3 g4 42. Qh7 Qf4 43. Qg6+ Ke7 44. Qxg4 Qh6 45. Re1 Bc7 46. Qg2 Bf4 47. Bf5 e5 48. Bh3 Kf6 49. Qg4 Ke7 50. Qd7+ Kf8 51. Re2 Qg5+ 52. Bg4 Qh4 53. Qf5+ Ke7 54. Qh5 Qf6 55. Qh7+ 1-0


[Site "https://www.chess.com"]

[Event "Titled Tuesday Blitz June 20 Early 2023"]
[White "Zaragatski, Ilja"]
[Black "Cesar Maestre, Bernardo"]
[WhiteFideId "4655192"]
[BlackFideId "24542547"]
[WhiteElo "2460"]
[BlackElo "2271"]
[Result "0-1"]
[Round "3"]
[TimeControl "180+2"]
[Date "2023.06.20"]
[WhiteClock "0:00:00"]
[BlackClock "0:00:04"]
[Board "155"]

1. Nf3 d5 2. g3 Nf6 3. Bg2 Bf5 4. c4 c6 5. Qb3 Qb6 6. cxd5 cxd5 7. Qxb6 axb6 8. d3 Nc6 9. Nc3 e6 10. O-O h6 11. Be3 Bc5 12. Bd2 O-O 13. a3 d4 14. Nb5 Rfd8 15. b4 Be7 16. Rfc1 e5 17. Be1 Be6 18. Nc7 Rac8 19. Nxe6 fxe6 20. Nd2 b5 21. Ne4 Kf7 22. Bd2 Nd5 23. Nc5 b6 24. Ne4 Nb8 25. h4 Ke8 26. Kh2 Kd7 27. Bh3 Rxc1 28. Rxc1 Rf8 29. Kg2 Na6 30. e3 Nac7 31. exd4 exd4 32. Re1 Ra8 33. Bc1 Rf8 34. Nd2 Bf6 35. Nf3 Kd6 36. g4 e5 37. g5 hxg5 38. hxg5 Be7 39. Nxe5 Nf4+ 40. Bxf4 Rxf4 41. Nc4+ bxc4 42. dxc4 Bxg5 43. Rd1 Bf6 44. a4 Re4 45. Kf1 Re8 46. Bg2 Ne6 47. a5 bxa5 48. c5+ Nxc5 49. bxc5+ Kxc5 50. Rc1+ Kd6 51. Rc6+ Ke5 52. Ra6 Rb8 53. Bf3 Kf4 54. Kg2 Rb5 55. Ra8 Rg5+ 56. Kf1 Kxf3 57. Rxa5 Rxa5 0-1


[Site "https://www.chess.com"]

[Event "Titled Tuesday Blitz June 20 Early 2023"]
[White "Kovacsy, Barnabas"]
[Black "Berezin, Viktor"]
[WhiteFideId "769290"]
[BlackFideId "14107872"]
[WhiteElo "2130"]
[BlackElo "2310"]
[Result "1/2-1/2"]
[Round "3"]
[TimeControl "180+2"]
[Date "2023.06.20"]
[WhiteClock "0:01:39"]
[BlackClock "0:00:32"]
[Board "156"]

1. e4 g6 2. d4 Bg7 3. Nc3 d6 4. Be3 c6 5. Nf3 Nf6 6. Be2 O-O 7. O-O Nbd7 8. h3 e5 9. Qd2 Re8 10. dxe5 Nxe5 11. Nxe5 dxe5 12. Qxd8 Rxd8 13. Rfd1 Be6 14. Rxd8+ Rxd8 15. Rd1 Rxd1+ 16. Bxd1 b6 17. Be2 Ne8 18. Bd3 Nd6 19. Kf1 f5 20. f3 Kf7 21. Ke2 h5 22. a4 c5 23. Nb5 Bf8 24. Nxd6+ Bxd6 25. c4 Bd7 26. b3 Ke6 27. g4 hxg4 1/2-1/2


[Site "https://www.chess.com"]

[Event "Titled Tuesday Blitz June 20 Early 2023"]
[White "Brueckner, Thomas"]
[Black "Ismayil, Malak"]
[WhiteFideId "4600452"]
[BlackFideId "13412604"]
[WhiteElo "2319"]
[BlackElo "1868"]
[Result "1/2-1/2"]
[Round "3"]
[TimeControl "180+2"]
[Date "2023.06.20"]
[WhiteClock "0:00:08"]
[BlackClock "0:00:07"]
[Board "157"]

1. d4 Nf6 2. c4 e6 3. Nc3 d5 4. cxd5 exd5 5. Bg5 Bb4 6. e3 h6 7. Bxf6 Qxf6 8. Qa4+ Nc6 9. Bd3 Bf5 10. Qc2 Bxd3 11. Qxd3 O-O 12. Ne2 Ne7 13. O-O c6 14. a3 Bd6 15. e4 dxe4 16. Nxe4 Qg6 17. Qf3 Nd5 18. N2c3 Rfe8 19. Nxd6 Qxd6 20. Nxd5 Qxd5 21. Qxd5 cxd5 22. Rfe1 Rac8 23. Rxe8+ Rxe8 24. Kf1 Rc8 25. Rb1 Rc4 26. Ke2 Rxd4 27. Rc1 Re4+ 28. Kd3 Rf4 29. f3 Rf6 30. Rc8+ Kh7 31. Rd8 Rb6 32. b4 Rb5 33. Kd4 Rb6 34. Rxd5 Rg6 35. g3 Ra6 36. Ra5 Rd6+ 37. Rd5 Rf6 38. f4 Kg6 39. Rd7 Rb6 40. g4 Kf6 41. Rd5 Ra6 42. Ra5 Rd6+ 43. Rd5 Rc6 44. Rf5+ Ke6 45. Re5+ Kd6 46. Rd5+ Kc7 47. Rc5 b6 48. Rxc6+ Kxc6 49. Kc4 b5+ 50. Kd4 Kd6 51. Ke4 Ke6 52. Kd4 Kd6 53. Ke4 g6 54. h3 a6 55. Kd4 f5 56. gxf5 gxf5 57. Kc3 Kd5 58. Kd3 Ke6 59. Kd4 Kd6 60. Ke3 Ke6 61. Kd4 Kd6 1/2-1/2


[Site "https://www.chess.com"]

[Event "Titled Tuesday Blitz June 20 Early 2023"]
[White "Siniauski, Artsiom"]
[Black "Sarkar, Justin"]
[WhiteFideId "13512269"]
[BlackFideId "2010011"]
[WhiteElo "2065"]
[BlackElo "2151"]
[Result "1-0"]
[Round "3"]
[TimeControl "180+2"]
[Date "2023.06.20"]
[WhiteClock "0:01:16"]
[BlackClock "0:00:00"]
[Board "158"]

1. e4 e5 2. Nf3 Nc6 3. Bb5 a6 4. Ba4 Nf6 5. Bxc6 dxc6 6. d3 Bg4 7. Nbd2 Nd7 8. h3 Bh5 9. b3 f6 10. Bb2 c5 11. Nc4 Be7 12. g4 Bf7 13. Qd2 Nf8 14. O-O-O Ne6 15. Kb1 b5 16. Ne3 Nd4 17. Nh4 a5 18. c3 Ne6 19. Nd5 a4 20. Nf5 Bf8 21. d4 axb3 22. axb3 c6 23. dxe5 fxe5 24. Nde3 g6 25. Nd6+ Bxd6 26. Qxd6 Qxd6 27. Rxd6 Rc8 28. h4 Ke7 29. Rd2 Rhd8 30. Rxd8 1-0


[Site "https://www.chess.com"]

[Event "Titled Tuesday Blitz June 20 Early 2023"]
[White "Rodriguez Polo, Mateo"]
[Black "Turzo, Attila"]
[WhiteFideId "24509396"]
[BlackFideId "704954"]
[WhiteElo "2117"]
[BlackElo "2523"]
[Result "1-0"]
[Round "3"]
[TimeControl "180+2"]
[Date "2023.06.20"]
[WhiteClock "0:00:07"]
[BlackClock "0:00:08"]
[Board "159"]

1. Nf3 Nf6 2. c4 g6 3. b3 Bg7 4. Bb2 O-O 5. g3 d6 6. Bg2 e5 7. d4 e4 8. Nfd2 e3 9. fxe3 Ng4 10. Nf1 Re8 11. Qd3 Qe7 12. e4 f5 13. Nc3 fxe4 14. Bxe4 Nf6 15. Bf3 Bf5 16. Qd2 Nc6 17. Nd5 Qd7 18. Nfe3 Ne4 19. Qd1 Bh3 20. Qd3 Ng5 21. Bg2 Bxg2 22. Nxg2 Ne7 23. Nc3 Nf5 24. e3 Nxd4 25. O-O Ndf3+ 26. Kh1 Qh3 27. Rxf3 Nxf3 28. Qd5+ Kh8 29. Qxf3 c6 30. Nf4 Qf5 31. e4 Qg5 32. Qg2 Re7 33. Rd1 Be5 34. Nd3 Bd4 35. Nf4 c5 36. Nb1 Bxb2 37. Qxb2+ Qe5 38. Qxe5+ dxe5 39. Nd5 Rf7 40. Kg2 Raf8 41. Rd2 Rf1 42. Nbc3 Ra1 43. Ne3 Rc1 44. Ncd5 b6 45. Nc7 Rf7 46. Rd8+ Kg7 47. Ne6+ Kf6 48. Re8 Re7 49. Nd5+ Kxe6 50. Rxe7+ Kd6 51. Rxa7 Rc2+ 52. Kh3 h5 53. Ra6 Rd2 54. Rxb6+ Kd7 55. Rxg6 Rxa2 56. Rg5 1-0


[Site "https://www.chess.com"]

[Event "Titled Tuesday Blitz June 20 Early 2023"]
[White "Antonio, Jorge Carlos"]
[Black "Escanor89"]
[WhiteFideId "113190"]
[WhiteElo "2247"]
[BlackElo "2523"]
[Result "1/2-1/2"]
[Round "3"]
[TimeControl "180+2"]
[Date "2023.06.20"]
[WhiteClock "0:00:15"]
[BlackClock "0:00:13"]
[Board "160"]

1. e4 c5 2. Bc4 e6 3. d3 a6 4. Bb3 Nc6 5. f4 d5 6. Nd2 Nf6 7. Qe2 Nd4 8. Qd1 b5 9. e5 Nd7 10. c3 Nxb3 11. axb3 Bb7 12. Ngf3 Be7 13. O-O Qb6 14. d4 a5 15. Kh1 Ba6 16. Re1 O-O 17. Nf1 b4 18. Ng3 Rab8 19. f5 bxc3 20. bxc3 Qxb3 21. Qxb3 Rxb3 22. Rxa5 Bd3 23. Ra7 Rd8 24. fxe6 fxe6 25. Bg5 Bxg5 26. Nxg5 Nf8 27. h4 h6 28. Nf7 Rd7 29. Rxd7 Nxd7 30. Nd8 cxd4 31. cxd4 Nf8 32. Re3 Rb1+ 33. Kh2 Bg6 34. h5 Be8 35. Rc3 Rb8 36. Nc6 Bxc6 37. Rxc6 Rb4 38. Ne2 Rb2 39. Nf4 Rb4 40. Rc8 Kf7 41. Rc7+ Kg8 42. Rc8 Kf7 43. Rc7+ Kg8 44. Rc8 1/2-1/2


[Site "https://www.chess.com"]

[Event "Titled Tuesday Blitz June 20 Early 2023"]
[White "Mathieu, Phileas"]
[Black "Wang, Alexander J"]
[WhiteFideId "36048410"]
[BlackFideId "30955270"]
[WhiteElo "2240"]
[BlackElo "2278"]
[Result "0-1"]
[Round "3"]
[TimeControl "180+2"]
[Date "2023.06.20"]
[WhiteClock "0:00:25"]
[BlackClock "0:00:18"]
[Board "161"]

1. e4 c5 2. Nf3 e6 3. g3 Nc6 4. Bg2 d5 5. exd5 exd5 6. d4 c4 7. O-O Be7 8. Re1 Nf6 9. Nc3 O-O 10. Ne5 Be6 11. Bf4 Bd6 12. Bg5 Be7 13. Qd2 h6 14. Bf4 Bb4 15. a3 Bxc3 16. Qxc3 Nd7 17. Rad1 Nb6 18. b3 Nxe5 19. dxe5 Rc8 20. Qa5 Qc7 21. Be3 Nd7 22. Bxd5 Qxa5 23. b4 Qc7 24. Bg2 Nxe5 25. Bd4 Nc6 26. Bc3 Rcd8 27. Rc1 Rd7 28. Re4 Bd5 29. Rg4 f6 30. Bf1 Be6 31. Rf4 g5 32. Re4 Bd5 33. Ree1 Re7 34. Red1 Bf3 35. Rd2 Rd7 36. Bxc4+ Kg7 37. Bd3 Rfd8 38. Bb2 Ne5 39. Kf1 Nxd3 40. cxd3 Qb6 41. d4 Qb5+ 42. Kg1 Rd6 43. Rc5 Qe8 44. Rc1 Rc6 45. Rf1 Rd7 46. d5 Rc4 47. h3 Qc8 48. Re1 Rxd5 49. Rxd5 Bxd5 50. Re7+ Kg6 51. Re1 Qxh3 0-1


[Site "https://www.chess.com"]

[Event "Titled Tuesday Blitz June 20 Early 2023"]
[White "Zaichenko, Daria"]
[Black "MaryanKyrychenko"]
[WhiteFideId "4197453"]
[WhiteElo "2039"]
[BlackElo "2520"]
[Result "0-1"]
[Round "3"]
[TimeControl "180+2"]
[Date "2023.06.20"]
[WhiteClock "0:00:42"]
[BlackClock "0:01:17"]
[Board "162"]

1. e4 c5 2. Nf3 d6 3. d4 cxd4 4. Nxd4 Nf6 5. Nc3 g6 6. g3 Bg7 7. Bg2 O-O 8. O-O Nc6 9. Nb3 Be6 10. f4 Rc8 11. Be3 Ng4 12. Bd2 Qb6+ 13. Kh1 Nf2+ 14. Rxf2 Qxf2 15. Be1 Qb6 16. Qf3 Bxb3 17. axb3 Nd4 18. Qd3 Ne6 19. Nd5 Qd8 20. Rxa7 Nc5 21. Qb5 e6 22. Nb6 Rc6 23. Ba5 Qb8 24. Ra8 Rxb6 25. Rxb8 Rxb5 26. Rxf8+ Kxf8 27. Bc7 Ke7 28. Bf1 Rb4 29. Bc4 b5 30. Ba5 Rxc4 31. bxc4 bxc4 32. Kg2 Nxe4 33. b4 cxb3 34. cxb3 d5 35. Kf3 Kd6 36. Bb4+ Kc6 37. Be7 h5 38. h3 Kb5 39. g4 hxg4+ 40. hxg4 Nc5 41. f5 gxf5 42. gxf5 Nxb3 43. fxe6 fxe6 44. Kf4 Kc4 0-1


[Site "https://www.chess.com"]

[Event "Titled Tuesday Blitz June 20 Early 2023"]
[White "Mekhane, Adam"]
[Black "Francisco_Ferrari"]
[WhiteFideId "36050601"]
[WhiteElo "2177"]
[BlackElo "2272"]
[Result "1-0"]
[Round "3"]
[TimeControl "180+2"]
[Date "2023.06.20"]
[WhiteClock "0:02:04"]
[BlackClock "0:00:01"]
[Board "163"]

1. e4 e5 2. Nf3 Nc6 3. Bc4 Nf6 4. d3 Bc5 5. h3 O-O 6. Nc3 a6 7. a3 h6 8. g4 d6 9. g5 Nh5 10. gxh6 g6 11. Bg5 Qd7 12. Nd5 b5 13. Ba2 Bb7 14. Nh4 Kh8 15. Qg4 Qxg4 16. hxg4 Nf4 17. Nxf4 exf4 18. Bf6+ Kh7 19. Nf3 g5 20. Bg7 Ne5 21. Bxe5 dxe5 22. Nxg5+ Kg6 23. Nf3 Bd6 24. Rh5 Rh8 25. Nh4+ Kf6 26. Rf5+ Ke7 27. Rxf7+ Kd8 28. g5 Be7 29. Ng6 Rf8 1-0


[Site "https://www.chess.com"]

[Event "Titled Tuesday Blitz June 20 Early 2023"]
[White "Horak, Martin"]
[Black "De Souza, Cristiano Gomes"]
[WhiteFideId "367095"]
[BlackFideId "2151758"]
[WhiteElo "2091"]
[BlackElo "2068"]
[Result "0-1"]
[Round "3"]
[TimeControl "180+2"]
[Date "2023.06.20"]
[WhiteClock "0:00:00"]
[BlackClock "0:01:48"]
[Board "164"]

1. e4 c5 2. Nf3 d6 3. d4 cxd4 4. Nxd4 Nf6 5. Nc3 g6 6. f4 Bg7 7. e5 Nh5 8. Bb5+ Bd7 9. e6 fxe6 10. Nxe6 Bxc3+ 11. bxc3 Qc8 12. Qd4 Nf6 13. Bxd7+ Nbxd7 14. O-O Nc5 15. Nxc5 Qxc5 16. Qxc5 dxc5 17. f5 Kf7 18. fxg6+ hxg6 19. Be3 b6 20. a4 Rhd8 21. a5 Ke6 22. c4 Ng4 23. Bg5 Nf6 24. Rae1+ Kf7 25. Rxe7+ Kxe7 26. Bxf6+ Ke6 27. Bxd8 Rxd8 28. axb6 axb6 29. Rb1 Rd6 30. Re1+ Kd7 31. Re4 Kc6 32. Rg4 b5 33. cxb5+ Kxb5 34. Kf2 c4 35. Ke3 Kb4 36. Rd4 Rf6 37. Rd2 Kc3 38. Rd8 Kxc2 39. Kd4 c3 40. Rc8 Kd2 0-1


[Site "https://www.chess.com"]

[Event "Titled Tuesday Blitz June 20 Early 2023"]
[White "Larina, Maria"]
[Black "Asavasaetakul, Chawit"]
[WhiteFideId "24113182"]
[BlackFideId "6204856"]
[WhiteElo "1848"]
[BlackElo "1919"]
[Result "0-1"]
[Round "3"]
[TimeControl "180+2"]
[Date "2023.06.20"]
[WhiteClock "0:01:18"]
[BlackClock "0:02:07"]
[Board "165"]

1. e4 d5 2. Nc3 dxe4 3. Nxe4 Nf6 4. Nxf6+ exf6 5. d4 Bd6 6. Bd3 O-O 7. Ne2 Re8 8. Be3 Nd7 9. Qd2 Nf8 10. O-O-O c6 11. Kb1 Be6 12. c4 Qd7 13. Qc2 b5 14. h4 bxc4 15. Bxc4 Rab8 16. Ka1 Bd5 17. h5 Ne6 18. h6 g6 19. g3 Qb7 20. Rh4 Bxc4 21. Qxc4 0-1


[Site "https://www.chess.com"]

[Event "Titled Tuesday Blitz June 20 Early 2023"]
[White "disciplinedbrat"]
[Black "Liu, Casper"]
[BlackFideId "1454153"]
[WhiteElo "2216"]
[BlackElo "2221"]
[Result "0-1"]
[Round "3"]
[TimeControl "180+2"]
[Date "2023.06.20"]
[WhiteClock "0:00:12"]
[BlackClock "0:01:47"]
[Board "166"]

1. c4 Nc6 2. Nf3 e5 3. Nc3 f5 4. d4 e4 5. Bg5 Be7 6. Bxe7 Ngxe7 7. Ng5 O-O 8. e3 d6 9. c5 d5 10. h4 f4 11. Qd2 h6 12. Nh3 fxe3 13. fxe3 Nf5 14. O-O-O Ng3 15. Rg1 Nb4 16. Kb1 c6 17. Nf4 Bg4 18. Be2 Nxe2 19. Ncxe2 g5 20. hxg5 hxg5 21. Qxb4 gxf4 22. Nxf4 Bxd1 23. Rxd1 Qh4 24. Qxb7 Qg4 25. Qxc6 Qxd1# 0-1


[Site "https://www.chess.com"]

[Event "Titled Tuesday Blitz June 20 Early 2023"]
[White "Arpita, Mukherjee"]
[Black "Brown, Raehanna"]
[WhiteFideId "5056403"]
[BlackFideId "7402740"]
[WhiteElo "2129"]
[BlackElo "1655"]
[Result "0-1"]
[Round "3"]
[TimeControl "180+2"]
[Date "2023.06.20"]
[WhiteClock "0:00:47"]
[BlackClock "0:00:03"]
[Board "167"]

1. e4 c5 2. Nf3 Nc6 3. Bb5 g6 4. Bxc6 bxc6 5. d3 Bg7 6. c3 e5 7. O-O Ne7 8. Be3 d6 9. d4 cxd4 10. cxd4 O-O 11. dxe5 dxe5 12. Bc5 Qc7 13. Nc3 Rd8 14. Qc2 Bg4 15. Nd2 Bf8 16. Nc4 Be6 17. Ne3 Nc8 18. Bxf8 Kxf8 19. Rac1 Qb7 20. b3 Ne7 21. Na4 Rd4 22. Nc5 Qc8 23. Nxe6+ Qxe6 24. Nc4 Rc8 25. Rfd1 Kg7 26. Rxd4 exd4 27. Rd1 c5 28. f4 Nc6 29. e5 Nb4 30. Qe4 Nxa2 31. Qb7 Nc3 32. Rd2 Qc6 33. Qe7 Rc7 34. Qh4 h6 35. Nd6 Ne4 36. f5 Nxd2 37. Qf6+ Kh7 38. fxg6+ fxg6 39. h4 Ne4 40. Nxe4 Qxe4 41. Qd6 Rg7 42. g3 Qe1+ 43. Kh2 Qd2+ 44. Kh3 Qe3 45. Qxc5 a6 46. b4 Qf2 47. Qd6 Qf1+ 48. Kh2 Rf7 49. g4 Rf2+ 50. Kg3 Qg2# 0-1


[Site "https://www.chess.com"]

[Event "Titled Tuesday Blitz June 20 Early 2023"]
[White "Baruch, Liam"]
[Black "Bilan, Danila"]
[WhiteFideId "14322064"]
[BlackFideId "24161918"]
[WhiteElo "2122"]
[BlackElo "2146"]
[Result "0-1"]
[Round "3"]
[TimeControl "180+2"]
[Date "2023.06.20"]
[WhiteClock "0:00:54"]
[BlackClock "0:00:07"]
[Board "168"]

1. e4 c6 2. d4 d5 3. exd5 cxd5 4. Bd3 Nc6 5. c3 Qc7 6. Nf3 Bg4 7. h3 Bh5 8. O-O e6 9. Na3 a6 10. Nc2 Bd6 11. Re1 Nf6 12. Ne3 O-O 13. Nf1 b5 14. a3 Rab8 15. N1d2 a5 16. Qc2 Rfc8 17. b4 axb4 18. cxb4 Qa7 19. Qb2 Bg6 20. Bxg6 hxg6 21. Nb3 Nd7 22. Nc5 Nb6 23. Nd2 Nc4 24. Nxc4 bxc4 25. Qc3 Qb6 26. Be3 Ra8 27. Reb1 e5 28. a4 Re8 29. Qd2 exd4 30. Bxd4 Nxd4 31. Qxd4 Be5 32. Qxd5 Bxa1 33. Rxa1 Qxb4 34. Rc1 Re1+ 35. Rxe1 Qxe1+ 36. Kh2 Rc8 37. Ne4 c3 38. Nd6 c2 39. Nxc8 c1=Q 40. Qd8+ Kh7 41. Qh4+ Qh6 42. Qd8 Qf4+ 43. g3 Qfxf2# 0-1


[Site "https://www.chess.com"]

[Event "Titled Tuesday Blitz June 20 Early 2023"]
[White "Torres Dominguez, David"]
[Black "Brunner, Nicolas"]
[WhiteFideId "2220857"]
[BlackFideId "620246"]
[WhiteElo "1999"]
[BlackElo "2319"]
[Result "0-1"]
[Round "3"]
[TimeControl "180+2"]
[Date "2023.06.20"]
[WhiteClock "0:00:12"]
[BlackClock "0:01:38"]
[Board "169"]

1. e4 e5 2. Bc4 Nf6 3. Nc3 Nxe4 4. Qh5 Nd6 5. Qxe5+ Qe7 6. Qxe7+ Bxe7 7. Be2 O-O 8. Nd5 Bd8 9. Nf3 c6 10. Ne3 Ne8 11. d4 d5 12. Bd2 Nd6 13. O-O-O Nd7 14. Bd3 Nf6 15. Ne5 Nfe4 16. Be1 f6 17. f3 fxe5 18. dxe5 Bg5 19. fxe4 Bxe3+ 20. Kb1 Nxe4 21. Bb4 Bc5 22. Ba5 Bf5 23. Rhf1 Rae8 24. h3 h5 25. c4 Rxe5 26. cxd5 cxd5 27. Bc2 Ng3 28. Rf3 Bxc2+ 29. Kxc2 Rxf3 30. gxf3 h4 31. Bc7 Rf5 32. f4 Kf7 33. Be5 g5 34. Rxd5 b6 35. Rd7+ Ke6 36. Rxa7 gxf4 37. Bc3 f3 0-1


[Site "https://www.chess.com"]

[Event "Titled Tuesday Blitz June 20 Early 2023"]
[White "Aung Thant Zin"]
[Black "Goffredo_Fofi"]
[WhiteFideId "13000063"]
[WhiteElo "2278"]
[BlackElo "2514"]
[Result "0-1"]
[Round "3"]
[TimeControl "180+2"]
[Date "2023.06.20"]
[WhiteClock "0:00:00"]
[BlackClock "0:00:29"]
[Board "170"]

1. e4 Nf6 2. e5 Nd5 3. Nc3 e6 4. Nf3 d6 5. d4 dxe5 6. Nxe5 Nd7 7. Nxd5 exd5 8. Nxd7 Bxd7 9. Be2 Bd6 10. O-O O-O 11. Bf3 c6 12. Be3 a5 13. a4 Qf6 14. Qd2 Qg6 15. c3 h5 16. Bf4 h4 17. Bxd6 Qxd6 18. Qg5 h3 19. gxh3 Bxh3 20. Rfe1 Rfe8 21. Qg3 Qd7 22. Bg2 Bf5 23. Kh1 Re7 24. Rxe7 Qxe7 25. Bf3 Re8 26. Rg1 Qf6 27. Qg5 Qxg5 28. Rxg5 Bc2 29. Re5 Rxe5 30. dxe5 Bxa4 31. Kg2 Kf8 32. Bg4 Ke7 33. f4 c5 34. Kf2 f6 35. Ke3 b6 36. Kd2 fxe5 37. fxe5 Bd7 38. Bf3 Bc6 39. Bg4 Kf7 40. h4 Ke7 41. Ke3 Bd7 42. Bf3 Be6 43. Kf4 b5 44. Kg5 b4 45. cxb4 axb4 46. Kg6 Kf8 0-1


[Site "https://www.chess.com"]

[Event "Titled Tuesday Blitz June 20 Early 2023"]
[White "luachess1"]
[Black "Garcia, Erick"]
[BlackFideId "2058880"]
[WhiteElo "1618"]
[BlackElo "2202"]
[Result "0-1"]
[Round "3"]
[TimeControl "180+2"]
[Date "2023.06.20"]
[WhiteClock "0:00:00"]
[BlackClock "0:01:21"]
[Board "171"]

1. d4 Nf6 2. c4 e6 3. Nc3 Bb4 4. Qc2 O-O 5. Bg5 h6 6. Bh4 c5 7. e3 Nc6 8. Nf3 Qa5 9. Bxf6 gxf6 10. Be2 cxd4 11. exd4 d5 12. O-O dxc4 13. Bxc4 Bxc3 14. Qxc3 Qxc3 15. bxc3 Na5 16. Bd3 b6 17. Rab1 Bb7 18. Nd2 Rac8 19. Rfc1 Rfd8 20. Be4 Ba6 21. Bf3 Bd3 22. Rb4 Nc6 23. Ra4 Nxd4 24. Rxa7 Nb5 25. Rb7 Nxc3 26. Re1 b5 27. Nb3 Nxa2 28. Bh5 Rf8 29. Re3 Bf5 30. Rg3+ Kh8 31. h3 Nc3 32. Bxf7 Ne2+ 33. Kh2 Nxg3 34. fxg3 e5 35. Nd2 Rb8 36. Rc7 b4 37. Nf3 b3 0-1


[Site "https://www.chess.com"]

[Event "Titled Tuesday Blitz June 20 Early 2023"]
[White "Kollars, Dmitrij"]
[Black "Sanchez, Robert"]
[WhiteFideId "12909572"]
[BlackFideId "2034360"]
[WhiteElo "2584"]
[BlackElo "2002"]
[Result "1-0"]
[Round "3"]
[TimeControl "180+2"]
[Date "2023.06.20"]
[WhiteClock "0:01:58"]
[BlackClock "0:01:26"]
[Board "172"]

1. b4 e6 2. Bb2 d5 3. Nf3 Nf6 4. a3 Bd6 5. e3 O-O 6. c4 c6 7. Nc3 Nbd7 8. d4 Re8 9. Be2 e5 10. cxd5 cxd5 11. Nb5 Bb8 12. dxe5 Nxe5 13. Nxe5 Bxe5 14. Bxe5 Rxe5 15. O-O h5 16. Rc1 h4 17. Bf3 Be6 18. Qd4 Rg5 19. Qxh4 Rg6 20. Nc7 Rb8 21. Nxe6 fxe6 22. Qf4 a6 23. h4 Rc8 24. h5 Rh6 25. g4 Ne4 26. Rxc8 Qxc8 27. g5 Rh7 28. Kg2 Qd8 29. g6 Rh6 30. Bxe4 Rxh5 31. Bf3 Rg5+ 32. Bg4 Rxg6 33. f3 Qe7 34. Rc1 e5 35. Rc8+ Kh7 36. Qh2+ Rh6 37. Bf5+ g6 38. Rh8+ Kxh8 39. Qxh6+ Kg8 1-0


[Site "https://www.chess.com"]

[Event "Titled Tuesday Blitz June 20 Early 2023"]
[White "Drozdowski, Kacper"]
[Black "Carrasco Miranda, Andres"]
[WhiteFideId "1136720"]
[BlackFideId "3405990"]
[WhiteElo "2497"]
[BlackElo "2183"]
[Result "1-0"]
[Round "3"]
[TimeControl "180+2"]
[Date "2023.06.20"]
[WhiteClock "0:00:43"]
[BlackClock "0:00:00"]
[Board "173"]

1. e4 e5 2. Nf3 Nc6 3. Bc4 Bc5 4. c3 Nf6 5. d3 d6 6. Bb3 a5 7. Nbd2 a4 8. Bxa4 O-O 9. h3 Ne7 10. Bc2 Ng6 11. Nf1 Be6 12. a3 c6 13. Ng3 d5 14. O-O Qd7 15. d4 exd4 16. Nxd4 Qc7 17. exd5 Nxd5 18. Ne4 Bb6 19. Nxe6 fxe6 20. Qg4 Rae8 21. Bg5 Ne5 22. Qg3 Kh8 23. Rae1 Rf5 24. Bc1 Ref8 25. Kh1 Nf4 26. Ng5 Neg6 27. Bxf5 Rxf5 28. Bxf4 Nxf4 29. Nxe6 Nxe6 30. Rxe6 Qf7 31. Qb8+ 1-0


[Site "https://www.chess.com"]

[Event "Titled Tuesday Blitz June 20 Early 2023"]
[White "Lalanne, Pablo"]
[Black "Kobo, Ori"]
[WhiteFideId "112151"]
[BlackFideId "2812320"]
[WhiteElo "2120"]
[BlackElo "2454"]
[Result "0-1"]
[Round "3"]
[TimeControl "180+2"]
[Date "2023.06.20"]
[WhiteClock "0:00:02"]
[BlackClock "0:00:38"]
[Board "174"]

1. e4 g6 2. d4 Bg7 3. Nc3 d6 4. f4 Nf6 5. Nf3 O-O 6. Bd3 Nc6 7. d5 Nb4 8. O-O c6 9. a3 Nxd3 10. Qxd3 cxd5 11. Nxd5 Nxd5 12. Qxd5 Qb6+ 13. Kh1 Be6 14. Qd2 Rac8 15. c3 Rfd8 16. Nd4 Bc4 17. Re1 e5 18. Nf3 d5 19. exd5 e4 20. Ng5 Bxd5 21. Qe3 Qa6 22. Qf2 h6 23. Nh3 f5 24. Be3 Bb3 25. Bxa7 Rd3 26. Be3 Rcd8 27. Ng1 Qb5 28. Ne2 Bc4 29. Nd4 Qd5 30. Qg3 Kh7 31. h3 Rd6 32. Rad1 Qf7 33. Rxd3 Bxd3 34. Qf2 Qa2 35. g4 Rb6 36. Bc1 fxg4 37. hxg4 Qd5 38. Kh2 Rf6 39. Be3 h5 40. Rh1 Kg8 41. g5 Rf7 42. Kg3 Bf8 43. Qd2 Bd6 44. Rf1 Qxg5+ 45. Kf2 Qh4+ 46. Kg1 Qg3+ 47. Qg2 Qxe3+ 0-1


[Site "https://www.chess.com"]